| TOP OF THE 1ST |
|
Milwaukee Brewers batting - Pitching for Seattle Mariners : RHP Larry Aubel
|
|
Pitching: RHP Larry Aubel
|
|
|
Batting: RHB Steve Sax
|
0-0: Single, Error in OF, E7, batter to second base (Groundball, 56D, EV 95.0 MPH)
|
|
Batting: LHB Von Hayes
|
0-0: Ball 1-0: SINGLE (Line Drive, 9S, EV 101.3 MPH) Steve Sax to third Runner from 3rd tries for Home, SAFE, throw by RF to home
|
|
Batting: RHB Eric Davis
|
0-0: Ball 1-0: Foul Ball, location: 2F 1-1: Swinging Strike 1-2: Ball 2-2: Foul Ball, location: 2F 2-2: Strikes out swinging
|
|
Batting: SHB Eddie Murray
|
0-0: Ball 1-0: Foul Ball, location: 2F 1-1: Called Strike 1-2: SINGLE (Groundball, 56S, EV 67.5 MPH) (infield hit) Von Hayes to second
|
|
Batting: RHB Ken Landreaux
|
0-0: Called Strike 0-1: SINGLE (Line Drive, 9S, EV 100.0 MPH) Von Hayes to third Eddie Murray to second Runner from 3rd tries for Home, SAFE, throw by RF to home
|
|
Batting: RHB Glenn Davis
|
0-0: Called Strike 0-1: Foul Ball, location: 2F 0-2: Ball 1-2: Strikes out swinging
|
|
Batting: RHB Kevin Buckley
|
0-0: Ground out 5-3 (Groundball, 15, EV 81.9 MPH)
|
| Top of the 1st over - 2 runs, 4 hits, 1 error, 2 left on base; Milwaukee 2 - Seattle 0 |
| BOTTOM OF THE 1ST |
|
Seattle Mariners batting - Pitching for Milwaukee Brewers : RHP Fergie Jenkins
|
|
Pitching: RHP Fergie Jenkins
|
|
|
Batting: SHB Miguel Dilone
|
0-0: Ball 1-0: Foul Ball, location: 2F 1-1: Ball 2-1: Ball 3-1: Base on Balls
|
|
Batting: LHB Jose Perales
|
0-0: Called Strike 0-1: Ball 1-1: Ball 2-1: Called Strike 2-2: Ball 3-2: Strikes out looking
|
|
Batting: RHB Robin Yount
|
0-0: Ball 1-0: Swinging Strike 1-1: Ball 2-1: Ball 3-1: Fly out, F8 (Flyball, 8RXD, EV 88.8 MPH)
|
|
Batting: LHB Don Mattingly
|
0-0: Called Strike 0-1: Ball 1-1: Ball 2-1: Foul Ball, location: 2F 2-2: Ball Miguel Dilone steals 2nd base 3-2: Base on Balls
|
|
Batting: LHB Chris Wynn
|
0-0: Ball 1-0: Called Strike 1-1: Ball 2-1: Ball 3-1: Foul Ball, location: 2F 3-2: Base on Balls Miguel Dilone to third Don Mattingly to second
|
|
Batting: RHB Tony Conigliaro
|
0-0: Ball 1-0: Swinging Strike 1-1: Called Strike 1-2: Ball 2-2: Strikes out looking
|
| Bottom of the 1st over - 0 runs, 0 hits, 0 errors, 3 left on base; Milwaukee 2 - Seattle 0 |
| TOP OF THE 2ND |
|
Milwaukee Brewers batting - Pitching for Seattle Mariners : RHP Larry Aubel
|
|
Batting: RHB Pat Tabler
|
0-0: SINGLE (Groundball, 56D, EV 94.4 MPH)
|
|
Batting: SHB Alfredo Griffin
|
0-0: Ball 1-0: Ball 2-0: Foul Ball, location: 2F 2-1: Ball 3-1: Fly out, F8 (Flyball, 8LD, EV 94.4 MPH)
|
|
Batting: RHB Steve Sax
|
0-0: Ball 1-0: Ball 2-0: Ball 3-0: Called Strike 3-1: Fly out, F8 (Flyball, 8LXD, EV 99.4 MPH)
|
|
Batting: LHB Von Hayes
|
0-0: Called Strike Pat Tabler steals 2nd base 0-1: Called Strike 0-2: Ball 1-2: Strikes out looking
|
| Top of the 2nd over - 0 runs, 1 hit, 0 errors, 1 left on base; Milwaukee 2 - Seattle 0 |
| BOTTOM OF THE 2ND |
|
Seattle Mariners batting - Pitching for Milwaukee Brewers : RHP Fergie Jenkins
|
|
Batting: RHB John Rabb
|
0-0: Called Strike 0-1: Ball 1-1: Swinging Strike 1-2: Ball 2-2: Strikes out swinging
|
|
Batting: RHB Ryne Sandberg
|
0-0: Called Strike 0-1: Called Strike 0-2: SINGLE (Groundball, 56D, EV 107.5 MPH)
|
|
Batting: RHB Ramon Estepa
|
0-0: Ball Ryne Sandberg is caught stealing 2nd base 2-4 1-0: Foul Ball, location: 2F 1-1: Ball 2-1: Foul Ball, location: 2F 2-2: Ball 3-2: Fly out, F8 (Line Drive, 8LD, EV 90.6 MPH)
|
| Bottom of the 2nd over - 0 runs, 1 hit, 0 errors, 0 left on base; Milwaukee 2 - Seattle 0 |
| TOP OF THE 3RD |
|
Milwaukee Brewers batting - Pitching for Seattle Mariners : RHP Larry Aubel
|
|
Batting: RHB Eric Davis
|
0-0: Called Strike 0-1: Ball 1-1: Swinging Strike 1-2: Foul Ball, location: 2F 1-2: Ball 2-2: Ball 3-2: Foul Ball, location: 2F 3-2: DOUBLE (Flyball, 78XD, EV 104.4 MPH)
|
|
Batting: SHB Eddie Murray
|
0-0: Foul Ball, location: 2F 0-1: Called Strike 0-2: Ball 1-2: Ball 2-2: Ground out 6-3 (Groundball, 6, EV 88.8 MPH) Eric Davis to third
|
|
Batting: RHB Ken Landreaux
|
0-0: Ball 1-0: Foul Ball, location: 2F 1-1: Swinging Strike 1-2: Strikes out swinging
|
|
Batting: RHB Glenn Davis
|
0-0: Ball 1-0: Foul Ball, location: 2F 1-1: Ball 2-1: Called Strike 2-2: Strikes out swinging
|
| Top of the 3rd over - 0 runs, 1 hit, 0 errors, 1 left on base; Milwaukee 2 - Seattle 0 |
| BOTTOM OF THE 3RD |
|
Seattle Mariners batting - Pitching for Milwaukee Brewers : RHP Fergie Jenkins
|
|
Batting: SHB Miguel Dilone
|
0-0: Ball 1-0: Foul Ball, location: 2F 1-1: Ground out 1-3 (Groundball, 13S, EV 64.4 MPH)
|
|
Batting: LHB Jose Perales
|
0-0: Swinging Strike 0-1: Ball 1-1: Fly out, F6 (Popup, 56D, EV 43.8 MPH)
|
|
Batting: RHB Robin Yount
|
0-0: Called Strike 0-1: Foul Ball, location: 2F 0-2: Ball 1-2: Fly out, F8 (Line Drive, 8RM, EV 91.3 MPH)
|
| Bottom of the 3rd over - 0 runs, 0 hits, 0 errors, 0 left on base; Milwaukee 2 - Seattle 0 |
| TOP OF THE 4TH |
|
Milwaukee Brewers batting - Pitching for Seattle Mariners : RHP Larry Aubel
|
|
Batting: RHB Kevin Buckley
|
0-0: Ground out 6-3 (Groundball, 6M, EV 87.5 MPH)
|
|
Batting: RHB Pat Tabler
|
0-0: Ground out 3-1 (Groundball, 34, EV 88.8 MPH)
|
|
Batting: SHB Alfredo Griffin
|
0-0: Ground out 6-3 (Groundball, 6M, EV 89.4 MPH)
|
| Top of the 4th over - 0 runs, 0 hits, 0 errors, 0 left on base; Milwaukee 2 - Seattle 0 |
| BOTTOM OF THE 4TH |
|
Seattle Mariners batting - Pitching for Milwaukee Brewers : RHP Fergie Jenkins
|
|
Batting: LHB Don Mattingly
|
0-0: Ball 1-0: Fly out, F8 (Flyball, 78XD, EV 94.4 MPH)
|
|
Batting: LHB Chris Wynn
|
0-0: Called Strike 0-1: Fly out, F8 (Line Drive, 78D, EV 110.0 MPH)
|
|
Batting: RHB Tony Conigliaro
|
0-0: Foul Ball, location: 2F 0-1: Ball 1-1: Foul Ball, location: 2F 1-2: Ball 2-2: Ball 3-2: Foul Ball, location: 2F 3-2: Base on Balls
|
|
Batting: RHB John Rabb
|
0-0: Ball 1-0: Swinging Strike 1-1: Fielders Choice at 2nd, 5-4 (Groundball, 56, EV 83.8 MPH)
|
| Bottom of the 4th over - 0 runs, 0 hits, 0 errors, 1 left on base; Milwaukee 2 - Seattle 0 |
| TOP OF THE 5TH |
|
Milwaukee Brewers batting - Pitching for Seattle Mariners : RHP Larry Aubel
|
|
Batting: RHB Steve Sax
|
0-0: Called Strike 0-1: Ball 1-1: Ball 2-1: Ground out 6-3 (Groundball, 6M, EV 105.0 MPH)
|
|
Batting: LHB Von Hayes
|
0-0: Called Strike 0-1: Ball 1-1: Ground out 5-3 (Groundball, 5, EV 106.3 MPH)
|
|
Batting: RHB Eric Davis
|
0-0: Called Strike 0-1: SINGLE (Flyball, 6D, EV 96.9 MPH)
|
|
Batting: SHB Eddie Murray
|
0-0: Ball 1-0: Called Strike 1-1: Fielders Choice at 2nd, U6 (Groundball, 6M, EV 100.6 MPH)
|
| Top of the 5th over - 0 runs, 1 hit, 0 errors, 1 left on base; Milwaukee 2 - Seattle 0 |
| BOTTOM OF THE 5TH |
|
Seattle Mariners batting - Pitching for Milwaukee Brewers : RHP Fergie Jenkins
|
|
Batting: RHB Ryne Sandberg
|
0-0: Swinging Strike 0-1: Foul Ball, location: 2F 0-2: Foul Ball, location: 2F 0-2: Ball 1-2: Strikes out swinging
|
|
Batting: RHB Ramon Estepa
|
0-0: Ground out 4-3 (Groundball, 34, EV 95.6 MPH)
|
|
Batting: SHB Miguel Dilone
|
0-0: Called Strike 0-1: Ball 1-1: Ball 2-1: Foul Ball, location: 2F 2-2: Foul Ball, location: 2F 2-2: Ball 3-2: Ground out 4-3 (Groundball, 4, EV 80.6 MPH)
|
| Bottom of the 5th over - 0 runs, 0 hits, 0 errors, 0 left on base; Milwaukee 2 - Seattle 0 |
| TOP OF THE 6TH |
|
Milwaukee Brewers batting - Pitching for Seattle Mariners : RHP Larry Aubel
|
|
Batting: RHB Ken Landreaux
|
0-0: Called Strike 0-1: Foul Ball, location: 2F 0-2: SINGLE (Line Drive, 7LS, EV 108.8 MPH)
|
|
Batting: RHB Glenn Davis
|
0-0: Called Strike 0-1: Ball 1-1: 2-RUN HOME RUN (Flyball, 7LD, EV 98.8 MPH), Distance : 356 ft
|
|
Batting: RHB Kevin Buckley
|
0-0: Ball 1-0: Called Strike 1-1: SOLO HOME RUN (Flyball, 8RXD, EV 100.6 MPH), Distance : 423 ft
|
|
Pitching: RHP Timothy Jones
|
|
|
Batting: RHB Pat Tabler
|
0-0: Called Strike 0-1: Swinging Strike 0-2: Ball 1-2: Foul Ball, location: 2F 1-2: Foul Ball, location: 2F 1-2: Ball 2-2: Ball 3-2: Strikes out looking
|
|
Batting: SHB Alfredo Griffin
|
0-0: Foul Ball, location: 2F 0-1: Ground out 6-3 (Groundball, 6, EV 81.3 MPH)
|
|
Batting: RHB Steve Sax
|
0-0: Ball 1-0: Ball 2-0: Foul Ball, location: 2F 2-1: Swinging Strike 2-2: Strikes out looking
|
| Top of the 6th over - 3 runs, 3 hits, 0 errors, 0 left on base; Milwaukee 5 - Seattle 0 |
| BOTTOM OF THE 6TH |
|
Seattle Mariners batting - Pitching for Milwaukee Brewers : RHP Fergie Jenkins
|
|
Batting: LHB Jose Perales
|
0-0: Foul Ball, location: 2F 0-1: Foul Ball, location: 2F 0-2: Ball 1-2: Foul Ball, location: 2F 1-2: Ball 2-2: Ball 3-2: Foul Ball, location: 2F 3-2: Ground out 4-3 (Groundball, 4, EV 82.5 MPH)
|
|
Batting: RHB Robin Yount
|
0-0: Fly out, F2 (Popup, 2LF, EV 81.9 MPH)
|
|
Batting: LHB Don Mattingly
|
0-0: Ball 1-0: Ball 2-0: Foul Ball, location: 2F 2-1: Foul Ball, location: 2F 2-2: Ball 3-2: Fly out, F9 (Flyball, 9S, EV 96.3 MPH)
|
| Bottom of the 6th over - 0 runs, 0 hits, 0 errors, 0 left on base; Milwaukee 5 - Seattle 0 |
| TOP OF THE 7TH |
|
Milwaukee Brewers batting - Pitching for Seattle Mariners : RHP Timothy Jones
|
|
Batting: LHB Von Hayes
|
0-0: Swinging Strike 0-1: Fly out, F7 (Flyball, 7D, EV 86.3 MPH)
|
|
Batting: RHB Eric Davis
|
0-0: Swinging Strike 0-1: Ball 1-1: SOLO HOME RUN (Flyball, 78XD, EV 98.8 MPH), Distance : 431 ft
|
|
Batting: SHB Eddie Murray
|
0-0: Ball 1-0: Called Strike 1-1: Foul Ball, location: 2F 1-2: Ball 2-2: Foul Ball, location: 2F 2-2: DOUBLE (Flyball, 8RXD, EV 106.3 MPH)
|
|
Batting: RHB Ken Landreaux
|
0-0: Called Strike 0-1: Foul Ball, location: 2F 0-2: Ball 1-2: Foul Ball, location: 2F 1-2: Foul Ball, location: 2F 1-2: Fly out, F6 (Flyball, 6D, EV 81.9 MPH)
|
|
Batting: RHB Glenn Davis
|
0-0: Ball 1-0: Foul Ball, location: 2F 1-1: Called Strike 1-2: Strikes out looking
|
| Top of the 7th over - 1 run, 2 hits, 0 errors, 1 left on base; Milwaukee 6 - Seattle 0 |
| BOTTOM OF THE 7TH |
|
Seattle Mariners batting - Pitching for Milwaukee Brewers : RHP Fergie Jenkins
|
|
Batting: LHB Chris Wynn
|
0-0: Called Strike 0-1: Ball 1-1: Swinging Strike 1-2: Ground out 6-3 (Groundball, 6MS, EV 80.0 MPH)
|
|
Batting: RHB Tony Conigliaro
|
0-0: Called Strike 0-1: Ball 1-1: Foul Ball, location: 2F 1-2: Ball 2-2: Ball 3-2: Fly out, F8 (Flyball, 8LM, EV 88.1 MPH)
|
|
Batting: RHB John Rabb
|
0-0: Called Strike 0-1: Ball 1-1: Ball 2-1: Ground out 1-3 (Groundball, P, EV 75.0 MPH)
|
| Bottom of the 7th over - 0 runs, 0 hits, 0 errors, 0 left on base; Milwaukee 6 - Seattle 0 |
| TOP OF THE 8TH |
|
Milwaukee Brewers batting - Pitching for Seattle Mariners : RHP Timothy Jones
|
|
Batting: RHB Kevin Buckley
|
0-0: Called Strike 0-1: Swinging Strike 0-2: Strikes out swinging
|
|
Batting: RHB Pat Tabler
|
0-0: Called Strike 0-1: Ground out 6-3 (Groundball, 6S, EV 81.3 MPH)
|
|
Batting: SHB Alfredo Griffin
|
0-0: Ball 1-0: Foul Ball, location: 2F 1-1: Ground out 6-3 (Groundball, 6, EV 89.4 MPH)
|
| Top of the 8th over - 0 runs, 0 hits, 0 errors, 0 left on base; Milwaukee 6 - Seattle 0 |
| BOTTOM OF THE 8TH |
|
Seattle Mariners batting - Pitching for Milwaukee Brewers : RHP Fergie Jenkins
|
|
Batting: RHB Ryne Sandberg
|
0-0: Called Strike 0-1: Fly out, F9 (Flyball, 9, EV 86.3 MPH)
|
|
Batting: RHB Ramon Estepa
|
0-0: Swinging Strike 0-1: Ball 1-1: Foul Ball, location: 2F 1-2: Ball 2-2: Strikes out swinging
|
|
Batting: SHB Miguel Dilone
|
0-0: Called Strike 0-1: Foul Ball, location: 2F 0-2: Fly out, F9 (Flyball, 89M, EV 90.0 MPH)
|
| Bottom of the 8th over - 0 runs, 0 hits, 0 errors, 0 left on base; Milwaukee 6 - Seattle 0 |
| TOP OF THE 9TH |
|
Milwaukee Brewers batting - Pitching for Seattle Mariners : RHP Timothy Jones
|
|
Batting: RHB Steve Sax
|
0-0: Ball 1-0: Ball 2-0: Swinging Strike 2-1: Foul Ball, location: 2F 2-2: Strikes out swinging
|
|
Batting: LHB Von Hayes
|
0-0: Ground out 1-3 (Groundball, 15S, EV 68.8 MPH)
|
|
Batting: RHB Eric Davis
|
0-0: Ball 1-0: Ball 2-0: Ball 3-0: Fly out, F5 (Popup, 56S, EV 76.3 MPH)
|
| Top of the 9th over - 0 runs, 0 hits, 0 errors, 0 left on base; Milwaukee 6 - Seattle 0 |
| BOTTOM OF THE 9TH |
|
Seattle Mariners batting - Pitching for Milwaukee Brewers : RHP Fergie Jenkins
|
|
Pitching: RHP Ron Oglesby
|
|
|
Batting: LHB Jose Perales
|
0-0: SINGLE (Line Drive, 8LS, EV 106.9 MPH)
|
|
Batting: RHB Robin Yount
|
0-0: Called Strike 0-1: Ball 1-1: Swinging Strike 1-2: Ball 2-2: Foul Ball, location: 2F 2-2: DOUBLE (Line Drive, 5D, EV 94.4 MPH) Jose Perales to third
|
|
Batting: LHB Don Mattingly
|
0-0: Called Strike 0-1: Ball 1-1: Fly out, F8 (Flyball, 78XD, EV 108.8 MPH) Runner from 3rd tags up, SCORES, no throw by CF Robin Yount to third
|
|
Batting: LHB Chris Wynn
|
0-0: Called Strike 0-1: Ball 1-1: Foul Ball, location: 2F 1-2: Foul Ball, location: 2F 1-2: Foul Ball, location: 2F 1-2: Ball 2-2: Foul Ball, location: 2F 2-2: Fly out, F7 (Flyball, 7LS, EV 83.1 MPH)
|
|
Batting: RHB Tony Conigliaro
|
0-0: Called Strike 0-1: Foul Ball, location: 2F 0-2: Strikes out swinging
|
| Bottom of the 9th over - 1 run, 2 hits, 0 errors, 1 left on base; Milwaukee 6 - Seattle 1 |
|